 Dungeon Crawl Stone Soup version 0.24.0 (webtiles) character file.

Game seed: 4608221658380298448, levelgen mode: deterministic

991 Buxparty the Shield-Bearer (level 8, 0/76 HPs)
             Began as a Gargoyle Fighter on Mar 19, 2020.
             Was a Follower of Makhleb.
             Slain by a troll (4 damage)
             ... on level 5 of the Dungeon.
             The game lasted 00:11:07 (4759 turns).

Buxparty the Shield-Bearer (Gargoyle Fighter)       Turns: 4759, Time: 00:11:08

Health: 0/76       AC: 15    Str: 26      XL:     8   Next: 18%
Magic:  8/8        EV:  8    Int: 10      God:    Makhleb [*.....]
Gold:   220        SH: 10    Dex:  8 (9)  Spells: 7/7 levels left

rFire    . . .     SeeInvis .   a - +0 flail
rCold    . . .     Gourm    .   c - +0 shield
rNeg     + . .     Faith    .   b - +0 scale mail
rPois    ∞         Spirit   .   r - +0 helmet
rElec    +         Reflect  .   (no cloak)
rCorr    .         Harm     .   y - +0 pair of gloves
MR       ++...                  (no boots)
Stlth    ..........             (no amulet)
HPRegen  0.22/turn              v - ring of protection from magic
MPRegen  0.11/turn              k - ring of protection from magic

@: berserking, very quick
A: high mp 1, negative energy resistance 1, electricity resistance, unbreathing,
petrification resistance, rot immunity, MP-powered wands, AC +5
a: Renounce Religion


You were on level 5 of the Dungeon.
You worshipped Makhleb.
Makhleb was aware of your devotion.
You were hungry.

You visited 1 branch of the dungeon, and saw 5 of its levels.

You collected 220 gold pieces.

Inventory:

Hand Weapons
 a - a +0 flail (weapon)
Missiles
 h - 4 silver javelins (quivered)
Armour
 b - a +0 scale mail (worn)
 c - a +0 shield (worn)
 r - a +0 helmet (worn)
 y - a +0 pair of gloves (worn)
Jewellery
 k - a ring of protection from magic (right hand)
 v - a ring of protection from magic (left hand)
 w - an uncursed ring of magical power
Wands
 i - a wand of flame (13)
 o - a wand of acid (14)
Scrolls
 e - 2 scrolls of identify
 g - 3 scrolls of enchant weapon
 l - 3 scrolls of remove curse
 s - 3 scrolls of teleportation {unknown}
 t - a scroll of magic mapping {unknown}
 u - 2 scrolls of fog {unknown}
 x - a scroll of random uselessness {unknown}
 A - a scroll of immolation {unknown}
Potions
 j - a potion of degeneration
 n - a potion of cancellation {unknown}
 p - a potion of flight
 q - a potion of invisibility {unknown}
Comestibles
 f - 9 rations


   Skills:
 + Level 6.0 Fighting
 + Level 4.9 Maces & Flails
 + Level 6.0 Armour
 + Level 6.0 Shields


You had 7 spell levels left.
You didn't know any spells.
Your spell library contained the following spells:

 Spells                   Type           Power        Failure   Level  Hunger
 Confusing Touch          Hex            #.....       95%         1    ##.....
 Confuse                  Hex            #.......     100%        3    ####...
 Gell's Gravitas          Tloc           #.........   100%        3    ####...
 Petrify                  Tmut/Erth      #.......     100%        4    #####..
 Metabolic Englaciation   Hex/Ice        #.........   100%        5    ######.
 Yara's Violent Unravell  Hex/Tmut       #.........   100%        5    ######.


Dungeon Overview and Level Annotations

Branches:
Dungeon (5/15)
 Temple: D:4-7

Altars:
Ashenzari
Dithmenos
Elyvilon
Hepliaklqana
Makhleb
Nemelex Xobeh
Okawaru
Uskayaw
Vehumet
Wu Jian
Xom
Yredelemnul

Annotations:
D:5 4 runed translucent doors


Innate Abilities, Weirdness & Mutations

You are resistant to torment.
Your stone body is resilient. (AC +5)
You are immune to poison.
You resist negative energy. (rN+)
You are resistant to electric shocks. (rElec)
You can survive without breathing.
You are immune to petrification.
You are immune to rotting.
You have an increased reservoir of magic. (+10% MP)
You expend magic power (3 MP) to strengthen your wands.


Message History

* * * LOW HITPOINT WARNING * * *
You sock the troll!
The troll is heavily wounded.
The troll bites you but does no damage. The troll claws you!
* * * LOW HITPOINT WARNING * * *
The troll completely misses you.
You closely miss the troll.
The troll is heavily wounded.
The troll completely misses you. You block the troll's attack.
The troll misses you.
It was a potion of mutation.
You feel extremely strange.
You feel more energetic.
You feel your magical essence link to the dungeon's wands.
You block the troll's attack. The troll barely misses you. The troll claws you.
* * * LOW HITPOINT WARNING * * *
It was a potion of berserk rage.
A red film seems to cover your vision as you go berserk!
You feel yourself moving faster!
You feel mighty! The troll barely misses you.
The troll claws you but does no damage. The troll claws you.
You die...

#.# #.##.####...###.#### #.#
#.##.#....#.......## #####.#
#.##..............## #.....#
#.##.#............## #.#####
#.##.###.#........## #.#
#.................##
#.#######..######.......#...
#.........##....##.######.##
#########.#@####.#........##
#.#T#(#..#........##
#####.#.##.#...##++##..#
#.....#..#######8.c8##.#
#.##..##. #8....8#.#
#.###..### #)....)#.# #.#
#..###### #$....}#.#
#.###.##|#.)# #8....8#.#
#.....#.##.#####8..8##.#


You could see a troll.

Vanquished Creatures
  Duvessa (D:5)
  An ogre (D:5)
  Dowan (D:5)
  A howler monkey (D:3)
  2 jellies (D:5)
  A crimson imp (D:5)
  3 hounds
  4 orc wizards (D:3)
  A bullfrog skeleton (D:5)
  An iguana (D:4)
  3 worker ants
  2 hound zombies (D:5)
  9 adders
  4 gnolls
  5 oozes
  3 worms
  2 dart slugs
  2 leopard geckos
  14 orcs
  6 bats
  3 giant cockroaches
  9 goblins
  10 hobgoblins
  13 jackals
  5 frilled lizards
  8 kobolds
  8 rats
122 creatures vanquished.

Notes
Turn   | Place    | Note
-------+----------+-------------------------------------------
     0 | D:1      | Buxparty the Gargoyle Fighter began the quest for the Orb.
     0 | D:1      | Reached XP level 1. HP: 14/14 MP: 1/1
   152 | D:1      | Reached XP level 2. HP: 12/19 MP: 2/2
   481 | D:1      | Reached XP level 3. HP: 23/23 MP: 3/3
   849 | D:2      | Reached XP level 4. HP: 28/29 MP: 4/4
  1590 | D:2      | Found a hazy altar of Hepliaklqana.
  1695 | D:3      | Reached XP level 5. HP: 18/33 MP: 5/5
  1858 | D:3      | Found an ornate altar of the Wu Jian Council.
  1859 | D:3      | Found a burning altar of Makhleb.
  1859 | D:3      | Found a radiant altar of Vehumet.
  1859 | D:3      | Found a white marble altar of Elyvilon.
  1860 | D:3      | Found a basalt altar of Yredelemnul.
  1860 | D:3      | Found a shimmering altar of Xom.
  1862 | D:3      | Found an iron altar of Okawaru.
  1869 | D:3      | Became a worshipper of Makhleb the Destroyer
  2041 | D:3      | Reached XP level 6. HP: 26/39 MP: 6/6
  2328 | D:3      | Reached * piety under Makhleb
  2337 | D:3      | Found a shadowy altar of Dithmenos.
  2692 | D:3      | Reached skill level 5 in Fighting
  2692 | D:3      | Reached skill level 5 in Shields
  2701 | D:3      | Reached skill level 5 in Armour
  2787 | D:4      | Reached XP level 7. HP: 24/44 MP: 7/7
  3032 | D:4      | Found a sparkling altar of Nemelex Xobeh.
  3102 | D:4      | Noticed a +0 dagger
  3103 | D:4      | Found a hide-covered altar of Uskayaw.
  3103 | D:4      | Noticed a +0 hand axe
  3460 | D:5      | Entered Level 5 of the Dungeon
  3575 | D:5      | Noticed Duvessa
  3575 | D:5      | Noticed Dowan
  3598 | D:5      | Killed Duvessa
  3606 | D:5      | Killed Dowan
  4103 | D:5      | Reached XP level 8. HP: 51/51 MP: 8/8
  4214 | D:5      | Found a shattered altar of Ashenzari.
  4279 | D:5      | Found a large runed translucent door.
  4279 | D:5      | Found a large runed translucent door.
  4284 | D:5      | Noticed a komodo dragon
  4403 | D:5      | Found a large runed translucent door.
  4403 | D:5      | Found a large runed translucent door.
  4746 | D:5      | Noticed a troll
  4758 | D:5      | Gained mutation: You have an increased reservoir of magic.
                  | (+10% MP) [potion of mutation]
  4758 | D:5      | Gained mutation: You expend magic power (3 MP) to
                  | strengthen your wands. [potion of mutation]
  4758 | D:5      | HP: 2/51 [troll (3)]
  4759 | D:5      | Slain by a troll

Levels and vault maps discovered:
D:1:      dpeg_arrival_stone_temple_mockup, layout_rooms
D:2:      layout_basic, lemuel_coloured_pillars_altar, minmay_goblin_outpost
D:3:      layout_rooms, grunt_temple_overflow_open, old_standard_altar
D:4:      layout_cave_pools, dancing_weapons_uskayaw,
          nemelex_xobeh_ov_fountains_minmay
D:5:      layout_basic, cheibrodos_ashenzari_chains, first_ration,
          minmay_hollow_rounded_squares, uniq_duvessa
